 Seeded DCSS version 0.30.0-29-ga12c61a403 (webtiles) character file.

Game seed: 7229806256980976716 (custom seed)

6 OTABOTABOTAB the Skirmisher (level 1, 20/20 HPs)
             Began as a Gnoll Hunter on June 25, 2023.
             Quit the game on level 1 of the Dungeon.
             The game lasted 00:00:30 (87 turns).

OTABOTABOTAB the Skirmisher (Gnoll Hunter)            Turns: 87, Time: 00:00:30

Health: 20/20      AC:  3    Str: 10    XL:     1   Next: 90%
Magic:  1/1        EV: 13    Int:  8    God:
Gold:   1854       SH:  0    Dex: 15    Spells: 0/0 levels left

rFire   . . .        a - +5 longbow (flame)
rCold   . . .        (shield currently unavailable)
rNeg    . . .        c - +0 leather armour
rPois   .            (no helmet)
rElec   .            (no cloak)
rCorr   .            (no gloves)
SInv    .            (no boots)
Will    .....        (no amulet)
Stlth   ++           (no ring)
HPRegen 0.23/turn    (no ring)
MPRegen 0.07/turn

%: no passive effects
@: no status effects
A: fangs 1, strong nose, distributed training
a: no special abilities


You were on level 1 of the Dungeon.
You visited 1 branch of the dungeon, and saw 1 of its levels.

You collected 1854 gold pieces.

Inventory:

Hand Weapons
 a - a +5 longbow of flaming (weapon)
   (You acquired it on level 1 of the Dungeon)
Missiles
 s - 3 stones
Armour
 c - a +0 leather armour (worn)
Scrolls
 b - 2 scrolls of amnesia {unknown}
 d - a scroll of teleportation {unknown}
 K - a scroll of immolation {!r}


   Skills:
 + Level 4.4 Fighting
 + Level 0.2 Short Blades
 + Level 0.2 Long Blades
 + Level 0.2 Axes
 + Level 0.2 Maces & Flails
 + Level 0.2 Polearms
 + Level 0.2 Staves
 + Level 8.4 Ranged Weapons
 + Level 0.2 Throwing
 + Level 0.2 Armour
 + Level 4.4 Dodging
 + Level 2.2 Stealth
 + Level 0.2 Shields
 + Level 0.2 Unarmed Combat
 + Level 0.2 Spellcasting
 + Level 0.1 Conjurations
 + Level 0.1 Hexes
 + Level 0.1 Summonings
 + Level 0.1 Necromancy
 + Level 0.1 Translocations
 + Level 0.1 Transmutations
 + Level 0.1 Fire Magic
 + Level 0.1 Ice Magic
 + Level 0.1 Air Magic
 + Level 0.1 Earth Magic
 + Level 0.1 Poison Magic
 + Level 0.3 Invocations
 + Level 0.2 Evocations


You couldn't memorise any spells.
You didn't know any spells.
Your spell library was empty.

Dungeon Overview and Level Annotations

Branches:
Dungeon (1/15)

Altars:


Innate Abilities, Weirdness & Mutations

You have very sharp teeth.
Your uncanny sense of smell can sniff out nearby items.
Your experience applies equally to all skills.


Message History

Bad channel name 'Jiyva says' for runrest: 'Jiyva says: Divide and consume' Welcome, OTABOTABOTAB the Gnoll Hunter.
Game seed: 7229806256980976716 (custom seed)
Found a faded altar of an unknown god.
Found two stairs.
You open the door.
There is an open door here.
You now have 17 gold pieces.
b - 2 scrolls labelled FUSKUR VIKLOEP A quokka comes into view.
d - 3 scrolls labelled RAGIOR NADERHA This is a scroll of acquirement!
Something appears at your feet! Something appears at your feet!
Something appears at your feet!
d - a +5 longbow of flaming You now have 1841 gold pieces (gained 1824).
Your +5 longbow of flaming bursts into flame!
d - a +5 longbow of flaming (weapon)
Adjust to which letter? (? for menu, Esc to quit)
a - a +5 longbow of flaming (weapon);
d - a +0 shortbow You drop a +0 shortbow.
s - 3 stones
d - a scroll labelled WUBBUN RUOS A giant cockroach comes into view.
You shoot an arrow. The arrow hits the giant cockroach!
The arrow burns the giant cockroach.
You kill the giant cockroach!
A goblin and a ball python come into view.
You shoot an arrow. The arrow hits the ball python!
The arrow burns the ball python.
You kill the ball python!
The goblin shouts!
You hear a bark!
You shoot an arrow. The arrow completely misses the goblin.
You shoot an arrow. The arrow hits the goblin!
The arrow burns the goblin.
You kill the goblin!
A jackal comes into view.
A jackal is nearby!
You shoot an arrow. The jackal barks!
The arrow hits the jackal.
The arrow burns the jackal.
You kill the jackal!
You hear a bark! x2
No target in view!
You now have 1854 gold pieces (gained 13).
A jackal comes into view.
You shoot an arrow. The jackal barks!
The arrow hits the jackal.
The arrow burns the jackal.
You kill the jackal!
No target in view!
A jackal comes into view.

#h# #.#### #....#
#....# #
###....####..
#####†..........
..............##
#..@........
####..)#####
#####...############
....................#
#####.###.#########.#
#. #.# #.# #. #.# #.#
#. #.# #.## #. #.#
#..)


You could see a jackal (wandering).

Vanquished Creatures
  A giant cockroach (D:1)
  A goblin (D:1)
  2 jackals (D:1)
  A ball python (D:1)
5 creatures vanquished.

Notes
Turn   | Place    | Note
-------+----------+-------------------------------------------
     0 | D:1      | OTABOTABOTAB the Gnoll Hunter began the quest for the Orb.
     0 | D:1      | Reached XP level 1. HP: 20/20 MP: 1/1
    45 | D:1      | Identified 3 scrolls of acquirement
    45 | D:1      | Acquired a +5 longbow of flaming
    46 | D:1      | Acquired 926 gold pieces
    47 | D:1      | Acquired 898 gold pieces
    87 | D:1      | Quit the game

Illustrated notes

Levels and vault maps discovered:
D:1:      spicycebolla_arrival_ecumenical, layout_loops_ring

Action                     || total
---------------------------++-------
   Fire: Longbow           ||     6
    Use: Scroll            ||     3

Levels and vault maps discovered:
D:1:      spicycebolla_arrival_ecumenical, layout_loops_ring

Table legend: (Time is in decaauts)
 A = Elapsed time spent in this place.
 B = Non-inter-level travel time spent in this place.
 C = Inter-level travel time spent in this place.
 D = Time resting spent in this place.
 E = Time spent auto-exploring this place.
 F = Levels seen in this place.
 G = Mean time per level.
                   A        B        C        D        E       F      G
               +--------+--------+--------+--------+--------+-----+--------+
         Total |     88 |     88 |      0 |      0 |     45 |   1 |   88.0 |
       Dungeon |     88 |     88 |      0 |      0 |     45 |   1 |   88.0 |
               +--------+--------+--------+--------+--------+-----+--------+

Top non-repeatable levels by time:
     D:1: 88 daAuts

Table legend:
 A = Kills in this place as a percentage of kills in the entire game.
 B = Kills by you in this place as a percentage of kills by you in the entire game.
 C = Kills by friends in this place as a percentage of kills by friends in the entire game.
 D = Other kills in this place as a percentage of other kills in the entire game.
 E = Experience gained in this place as a percentage of experience gained in the entire game.
 F = Experience gained in this place divided by the number of levels of this place that you have seen.
                   A       B       C       D       E      F
               +-------+-------+-------+-------+-------+----------------------
         Total | 100.0 | 100.0 |   N/A |   N/A | 100.0 |   9.0
       Dungeon | 100.0 | 100.0 |   N/A |   N/A | 100.0 |   9.0
               +-------+-------+-------+-------+-------+----------------------
